 Dungeon Crawl Stone Soup version 0.22.0-49-gab54619 (webtiles) character file.

147 Fang the Skirmisher (level 5, -6/34 HPs)
             Began as a Gargoyle Berserker on Sept 5, 2018.
             Was a Priest of Trog.
             Killed from afar by Sigmund (7 damage)
             ... with a puff of flame
             ... on level 3 of the Dungeon.
             The game lasted 00:04:04 (1888 turns).

Fang the Skirmisher (Gargoyle Berserker)            Turns: 1888, Time: 00:04:04

Health: -6/34      AC:  6    Str: 22    XL:     5   Next: 29%
Magic:  5/5        EV: 12    Int:  7    God:    Trog [***...]
Gold:   216        SH:  0    Dex:  9    Spells: 4/4 levels left

rFire    . . .     SeeInvis .   a - +0 hand axe
rCold    . . .     Gourm    .   (no shield)
rNeg     + . .     Faith    .   b - +0 animal skin
rPois    ∞         Spirit   .   (no helmet)
rElec    +         Reflect  .   (no cloak)
rCorr    .         Harm     .   (no gloves)
MR       .....                  (no boots)
Stlth    +.........             f - amulet of magic regeneration
HPRegen  0.11/turn              (no ring)
MPRegen  0.34/turn              (no ring)

@: berserk cooldown, slowed, very slow
A: negative energy resistance 1, electricity resistance, unbreathing,
petrification resistance, rot immunity, AC +4
a: Berserk, Trog's Hand, Renounce Religion


You were on level 3 of the Dungeon.
You worshipped Trog.
Trog was most pleased with you.
You were very hungry.

You visited 1 branch of the dungeon, and saw 3 of its levels.

You collected 216 gold pieces.

Inventory:

Hand Weapons
 a - a +0 hand axe (weapon)
Armour
 b - a +0 animal skin (worn)
Jewellery
 f - an amulet of magic regeneration (around neck)
 q - a cursed -3 ring of evasion {unknown}
Scrolls
 d - a scroll of noise {unknown}
 e - a scroll of fog {unknown}
 g - 4 scrolls of identify {unknown}
 i - a scroll of immolation {unknown}
 j - 2 scrolls of remove curse {unknown}
 n - 3 scrolls of teleportation {unknown}
 p - a scroll of blinking {unknown}
 r - a scroll of amnesia {unknown}
Potions
 h - a potion of agility {unknown}
 k - a potion of ambrosia {unknown}
 l - a potion of brilliance {unknown}
 m - a potion of might {unknown}
 o - a potion of curing {unknown}
Comestibles
 c - 5 rations


   Skills:
 + Level 4.4 Fighting
 + Level 4.1 Axes
 + Level 2.2 Armour
 + Level 2.3 Dodging
 + Level 0.5 Stealth


You had 4 spell levels left.
You didn't know any spells.
Your spell library was empty.

Dungeon Overview and Level Annotations

Branches:
Dungeon (3/15)

Altars:
Hepliaklqana
Xom

Annotations:
D:3 Sigmund


Innate Abilities, Weirdness & Mutations

You are resistant to torment.
Your stone body is resilient. (AC +4)
You are immune to poison.
You resist negative energy. (rN+)
You are resistant to electric shocks. (rElec)
You can survive without breathing.
You are immune to petrification.
You are immune to rotting.


Message History

Something hits you but does no damage.
You bump into the rock wall.
Something hits you.
You hear some strange, mumbled words.
Something tries to affect you, but you resist.
You bump into the rock wall.
Something hits you but does no damage.
You feel less confused. Something hits you! Something barely misses you.
You closely miss something. Something hits you.
You closely miss something. Something barely misses you.
You barely miss something. Something hits you.
You closely miss something. Something hits you.
* * * LOW HITPOINT WARNING * * *
You miss something. Something hits you!
* * * LOW HITPOINT WARNING * * *
You miss something.
You hear some strange, mumbled words.
A puff of flame appears from out of thin air!
The puff of flame hits you!
You die...

############
........{@.#
##########.#
#.# #.# #.#
#.# #.# #.#
#.#


There were no monsters in sight!

Vanquished Creatures
  4 gnolls (D:2)
  4 adders
  2 oozes
  3 dart slugs
  3 leopard geckos (D:1)
  An orc (D:3)
  2 giant cockroaches
  3 goblins
  3 hobgoblins
  3 jackals (D:2)
  2 quokkas (D:2)
  7 bats
  4 frilled lizards
  7 kobolds
  15 rats
63 creatures vanquished.

Notes
Turn   | Place    | Note
-------+----------+-------------------------------------------
     0 | D:1      | Fang the Gargoyle Berserker began the quest for the Orb.
     0 | D:1      | Reached XP level 1. HP: 14/14 MP: 1/1
   185 | D:1      | Reached XP level 2. HP: 19/19 MP: 2/2
   454 | D:1      | Reached XP level 3. HP: 19/24 MP: 3/3
   465 | D:1      | Reached ** piety under Trog
  1120 | D:2      | Reached XP level 4. HP: 23/29 MP: 4/4
  1387 | D:2      | Reached XP level 5. HP: 4/34 MP: 5/5
  1625 | D:2      | Found a hazy altar of Hepliaklqana.
  1626 | D:2      | Found a shimmering altar of Xom.
  1627 | D:2      | Noticed a spectral ugly thing
  1809 | D:3      | Reached *** piety under Trog
  1867 | D:3      | Noticed Sigmund
  1887 | D:3      | HP: 1/34 [something (7)]
  1888 | D:3      | Killed from afar by Sigmund

Skill      XL: |  1  2  3  4  5 |
---------------+----------------+-----
Axes           | 3 4 |  4.1
Dodging        | 2 |  2.3
Fighting       | 4 |  4.4
Armour         | |  2.2
Stealth        | |  0.5

Action                   |  1- 3 |  4- 6 || total
-------------------------+-------+-------++-------
Melee: Hand axe          |   107 |    70 ||   177
Invok: Berserk           |       |     2 ||     2
 Stab: Sleeping          |     2 |       ||     2
  Eat: Chunk             |       |     4 ||     4
Armor: Animal skin       |    51 |    21 ||    72
Dodge: Dodged            |    79 |    62 ||   141
